 Dungeon Sprint DCSS version 0.20.1-1-g8b1a95d (webtiles) character file.

613 polve the Unseen (level 7, -10/38 HPs)
             Began as a Spriggan Berserker on July 3, 2017.
             Was a Priest of Trog.
             Shot with an arrow by a centaur warrior (13 damage)
             ... in the Dungeon (Sprint I: "Red Sonja").
             The game lasted 00:01:45 (184 turns).

polve the Unseen (Spriggan Berserker)                Turns: 184, Time: 00:01:45

Health: -10/38     AC:  2    Str: 13    XL:     7   Next: 20%
Magic:  8/8        EV: 28    Int:  8    God:    Trog [***...]
Gold:   297        SH:  0    Dex: 18    Spells: 6/6 levels left

rFire    . . .     SeeInvis +   a - +0 short sword
rCold    . . .     Gourm    .   (shield restricted)
rNeg     . . .     Faith    .   b - +0 animal skin
rPois    .         Spirit   .   (helmet restricted)
rElec    .         Reflect  .   (no cloak)
rCorr    .         Harm     .   (gloves unavailable)
MR       +....     NoTele   +   (boots unavailable)
Stlth    +++.......             (no amulet)
Regen    0.2/turn               (no ring)
MPRegen  0.2/turn               (no ring)

@: slow
A: unfitting armour, see invisible, herbivore 3, speed 3, slow metabolism 2
a: Berserk, Trog's Hand, Burn Spellbooks, Renounce Religion


You were in the Dungeon.
You worshipped Trog.
Trog was most pleased with you.
You were not hungry.

You visited 1 branch You collected 297 gold pieces.

Inventory:

Hand Weapons
 a - a +0 short sword (weapon)
Armour
 b - a +0 animal skin (worn)
Wands
 j - a wand of polymorph (17/24)
Scrolls
 i - a scroll of blinking
Potions
 d - a potion of curing
 e - a potion of heal wounds
 f - a potion of haste
 g - 3 potions of magic
 h - a potion of berserk rage
Comestibles
 c - a bread ration


   Skills:
 + Level 4.8 Fighting
 - Level 8.2 Short Blades
 + Level 11.8 Dodging
 * Level 15.1 Stealth


You had 6 spell levels left.
You didn't know any spells.

Dungeon Overview and Level Annotations

Branches:
Dungeon (1/1)

Altars:
Cheibriados
Dithmenos
Elyvilon
Fedhas
Gozag
Hepliaklqana
Kikubaaqudgha
Makhleb
Nemelex Xobeh
Okawaru
Qazlal
Ru
Sif Muna
Trog
Uskayaw
Vehumet
Xom
Yredelemnul
Zin
The Shining One
Jiyva
Lugonu

Shops:
D [


Innate Abilities, Weirdness & Mutations

You are very small and have problems with some larger weapons.
You are too small for most types of armour.
You have supernaturally acute eyesight. (SInv)
You are a herbivore.
You cover ground extremely quickly.
You need consume almost no food.


Message History

A centaur warrior comes into view.
There is an open door here.
There is a deep blue altar of Sif Muna here.
You open the door.
There is an open door here.
You enter the shallow water.
Moving in this stuff is going to be slow.
Found 6 gold pieces and a robe.
A centaur warrior comes into view.
The centaur warrior shouts!
The centaur warrior wields a shortbow.
The centaur warrior shoots an arrow.
The arrow hits you.
You hear a splash.
The centaur warrior wields a shortbow.
The centaur warrior shoots an arrow.
The arrow hits you!!
Ouch! That really hurt!
* * * LOW HITPOINT WARNING * * *
You hear a splash.
The centaur warrior shoots an arrow.
The arrow hits you!
You die...

#################
.#..'..#.)'..#__#
.[..#.)'..#..'(.+
.#####'#####'#__####
.####..#...#.####§[#
.#__####..##§#§§§§c#
.#_____##'#.§§§§@§§+
⌠#_.∩..†'..._#§§§§c#
##_..__##_.#'##+####
#_____###+#$#
####### ###


You could see 2 centaur warriors.

Vanquished Creatures
  A slime creature (D)
  Sigmund (D)
  A yak (D)
  An ogre (D)
  A jelly (D)
  Ijyb (D)
6 creatures vanquished.

Notes
Turn   | Place    | Note
-------+----------+-------------------------------------------
     0 | D        | polve the Spriggan Berserker began the quest for the Orb.
     0 | D        | Reached XP level 1. HP: 11/11 MP: 2/2
     1 | D        | Noticed Ijyb
    10 | D        | Killed Ijyb
    10 | D        | Reached skill level 6 in Stealth
    10 | D        | Reached XP level 2. HP: 16/16 MP: 3/3
    10 | D        | Reached XP level 3. HP: 19/19 MP: 4/4
    48 | D        | Noticed an ogre
    55 | D        | Killed an ogre
    55 | D        | Reached skill level 10 in Stealth
    55 | D        | Reached XP level 4. HP: 23/23 MP: 5/5
   101 | D        | Noticed Sigmund
   104 | D        | Killed Sigmund
   104 | D        | Reached ** piety under Trog
   104 | D        | Reached skill level 13 in Stealth
   104 | D        | Reached XP level 5. HP: 27/27 MP: 6/6
   116 | D        | Found a deep blue altar of Sif Muna.
   118 | D        | Found a radiant altar of Vehumet.
   122 | D        | Reached skill level 10 in Dodging
   122 | D        | Reached XP level 6. HP: 32/32 MP: 7/7
   144 | D        | Found a viscous altar of Jiyva.
   144 | D        | Found a corrupted altar of Lugonu.
   144 | D        | Noticed a slime creature
   145 | D        | Found a burning altar of Makhleb.
   145 | D        | Found a shimmering altar of Xom.
   150 | D        | Killed a slime creature
   150 | D        | Reached skill level 14 in Stealth
   158 | D        | Found Kudutz's Armour Emporium.
   158 | D        | Found an ancient bone altar of Kikubaaqudgha.
   158 | D        | Found a hazy altar of Hepliaklqana.
   158 | D        | Found a stormy altar of Qazlal.
   158 | D        | Found a hide-covered altar of Uskayaw.
   158 | D        | Found a blossoming altar of Fedhas.
   158 | D        | Found a bloodstained altar of Trog.
   158 | D        | Found an iron altar of Okawaru.
   158 | D        | Found a basalt altar of Yredelemnul.
   158 | D        | Found a glowing golden altar of the Shining One.
   158 | D        | Found a snail-covered altar of Cheibriados.
   158 | D        | Found a sacrificial altar of Ru.
   158 | D        | Found a glowing silver altar of Zin.
   158 | D        | Found a shadowy altar of Dithmenos.
   158 | D        | Found a white marble altar of Elyvilon.
   158 | D        | Noticed a yak
   159 | D        | Found an opulent altar of Gozag.
   160 | D        | Killed a yak
   160 | D        | Reached *** piety under Trog
   160 | D        | Reached skill level 15 in Stealth
   160 | D        | Reached XP level 7. HP: 38/38 MP: 8/8
   161 | D        | Found a sparkling altar of Nemelex Xobeh.
   178 | D        | Noticed a centaur warrior
   183 | D        | Noticed a centaur warrior
   184 | D        | Shot with an arrow by a centaur warrior

Skill      XL: |  1  2  3  4  5  6 |
---------------+-------------------+-----
Short Blades   | 4 6 7 8 |  8.2
Dodging        | 6 7 9 10 11 | 11.8
Stealth        | 6 10 13 15 | 15.1
Fighting       | 4 |  4.8

Action                   |  1- 3 |  4- 6 |  7- 9 || total
-------------------------+-------+-------+-------++-------
Melee: Short sword       |    12 |     7 |       ||    19
Invok: Berserk           |     2 |       |       ||     2
 Stab: Sleeping          |       |     4 |       ||     4
Armor: Animal skin       |     1 |       |       ||     1
Dodge: Dodged            |     4 |     2 |       ||     6
